Cogmind - Beta 15 @@@ ROGUE MODE // 2025.07.06 @ 12:13:06 Player: daxter767676 Result: Destroyed by T8-WR9(j) with Overtuned Pulse Rifle Performance ------------- Evolutions (0) 0 Regions Visited (3) 600 Robots Destroyed (14) 70 Value Destroyed (426) 426 Prototype IDs (3) 60 Alien Tech Used (0) 0 Bonus (800) 800 TOTAL SCORE: 1956 Bonus ------- Registered with UFD 300 Met Optimus in HQ 500 Cogmind --------- Core Integrity 0/250 Matter 300/300 Energy 139/140 System Corruption 0% Temperature Hot (237) Movement Rolling (120) Ox2 Location -9/Scraptown Parts ------- > --- POWER (1) -------- Light Deuterium Engine > --- PROPULSION (2) --- Armored Wheel Overtuned Scrapsphere > --- UTILITY (2) ------ Large Storage Unit Advanced Signal Interpreter > --- WEAPON (2) ------- Overtuned Railgun > --- INVENTORY (15) --- Overtuned Titanium Leg Scrap Suit Cooling System Improved Cooling System Makeshift Microdissipator Network Large Battery (200) Large Battery (200) Sensor Array Targeting Computer Medium Armor Plating Hardlight Generator Advanced Beam Cannon Rocket Launcher DRS Beacon (Ready) Peak State ------------ > --- POWER ------------ Subdweller Power Source > --- PROPULSION ------- Overtuned Flexi-carbon Leg Overtuned Flexi-carbon Leg > --- UTILITY ---------- Large Storage Unit Advanced Signal Interpreter > --- WEAPON ----------- Advanced Beam Cannon Overtuned Railgun > --- INVENTORY -------- Subdweller Power Source Cooling System Improved Cooling System Large Battery Large Battery Subdweller Optics Sensor Array Targeting Computer Medium Armor Plating Medium Armor Plating Medium Armor Plating Medium Armor Plating Hardlight Generator Advanced Beam Cannon Rocket Launcher [Rating: 34] Favorites ----------- Power Subdweller Power Source Engine Subdweller Power Source Power Core Light Nuclear Core Propulsion Light Treads Treads Light Treads Leg Overtuned Flexi-carbon Leg Wheel Compact Wheel Utility Large Storage Unit Device Seismic Detector Storage Large Storage Unit Processor Signal Interpreter Weapon Advanced Beam Cannon Energy Gun EM Pulse Gun Energy Cannon Advanced Beam Cannon Ballistic Gun Overtuned Railgun Special Weapon Mining Laser Build | -11 -10 -10 -9 ------- Run | Yrd Mat Sub Scr Slots Evolved . | . . . . Power . | . . . . Propulsion . | . . . . Utility . | . . . . Weapon . | . . . . Parts Attached 28 | 2 11 5 10 Power 7 | . 2 3 2 Engine 6 | . 2 2 2 Core 1 | . . 1 . Reactor . | . . . . Propulsion 9 | . 3 2 4 Treads 1 | . . 1 . Leg 2 | . . . 2 Wheel 6 | . 3 1 2 Hover . | . . . . Flight . | . . . . Utility 4 | 1 2 . 1 Device 1 | 1 . . . Storage 1 | . 1 . . Processor 2 | . 1 . 1 Hackware . | . . . . Protection . | . . . . Artifact . | . . . . Weapon 8 | 1 4 . 3 Energy Gun 2 | . 1 . 1 Energy Cannon 3 | . 2 . 1 Ballistic Gun 2 | . 1 . 1 Ballistic Cannon . | . . . . Launcher . | . . . . Special Weapon 1 | 1 . . . Impact Weapon . | . . . . Slashing Weapon . | . . . . Piercing Weapon . | . . . . Special Melee Weapon . | . . . . Unidentified Prototypes 1 | . 1 . . Parts Lost 4 | . . 3 1 Power 1 | . . 1 . Propulsion 2 | . . 2 . Utility . | . . . . Weapon 1 | . . . 1 Highest Loss Streak 3 | . . 3 1 To Critical Strikes . | . . . . Average Backups 14 | 7 12 14 14 Power . | 1 1 . . Propulsion . | 4 2 . . Utility 9 | . 6 10 11 Weapon 2 | 1 2 3 2 Tool/Special . | . . . . Unused Backups 34 | 6 7 1 20 Power 4 | 1 2 . 1 Propulsion 4 | 2 1 . 1 Utility 22 | 1 4 1 16 Weapon 4 | 2 . . 2 Tool/Special . | . . . . Average Slot Usage (%) 99 | . 99 96 99 Engine 13 | . 14 12 13 Treads 7 | . . 9 10 Leg 1 | . 1 . 1 Wheel 18 | . 26 15 16 Storage 14 | . 14 14 14 Processor 13 | . 10 14 14 Energy Cannon 25 | . 25 28 24 Ballistic Gun 2 | . 1 . 3 Peak Build Rating 34 | 7 13 15 34 Average Rating 16 | 6 12 14 19 On Entrance 10 | 6 7 13 15 Naked Turns . | . . . . Heaviest Build 37 | 13 33 33 37 Greatest Support 46 | 20 32 26 46 Greatest Overweight (x) 4 | . 1 2 4 Average Overweight (x) 1 | . . 1 1 Largest Inventory Capacity 15 | 8 15 15 15 Average Capacity 14 | 8 13 15 15 Most Carried 15 | 8 15 15 15 Average Carried 14 | 7 12 14 14 Final Capacity 15 | 8 15 15 15 Final Carried 15 | 8 15 15 15 Class Distribution -------------------- 100% | Mutant Dominant Class ---------------- Mutant | -10/Materials Mutant | -10/Subcaves Mutant | -9/Scraptown Resources | -11 -10 -10 -9 ----------- Run | Yrd Mat Sub Scr Matter Collected 687 | 226 254 82 125 Remotely . | . . . . Salvage Created 645 | 97 279 199 70 Parts 35 | 4 12 14 5 Haulers Intercepted 2 | . 2 . . Recyclers Shooed . | . . . . Parts Field Recycled . | . . . . Retrieved Matter . | . . . . Parts Self-Destructed 8 | . . 2 6 Prevented 1 | . . . 1 Kills | -11 -10 -10 -9 ------- Run | Yrd Mat Sub Scr Combat Hostiles Destroyed 10 | . 4 5 1 Guns 1 | . . . 1 Cannons 9 | . 4 5 . Classes Destroyed 6 | 2 2 1 1 Tunneler 1 | 1 . . . Hauler 2 | . 2 . . Recycler 1 | 1 . . . Grunt 6 | . 4 2 . Subdweller 3 | . . 3 . Scrapper 1 | . . . 1 Best Kill Streak 2 | 2 2 1 1 Combat Bots Only 2 | . 2 1 1 Max Kills in Single Turn 1 | 1 1 1 1 Gunslinging . | . . . . Exploded . | . . . . Melee . | . . . . Uniques/NPCs Destroyed . | . . . . Combat | -11 -10 -10 -9 -------- Run | Yrd Mat Sub Scr Hostile Shots Fired 62 | . 18 30 14 Missed 14 | . 2 7 5 Hits 48 | . 16 23 9 Projectile 48 | . 16 23 9 Critical Strikes 2 | . . 1 1 Damage Taken 900 | . 205 492 203 Core 264 | . 23 161 80 Absorbed by Shields . | . . . . Regen/Repaired (Parts) 68 | . 68 . . Core Remaining (%) 100 | 100 . . . Volleys Fired 55 | 2 21 28 4 Largest 2 | 2 2 2 2 Hottest 136 | 60 136 136 120 Shots Fired 107 | 4 43 55 5 Gun 13 | 4 4 . 5 Cannon 94 | . 39 55 . Launcher . | . . . . Special . | . . . . Kinetic 5 | 2 2 . 1 Thermal 100 | . 41 55 4 Explosive . | . . . . Electromagnetic 2 | 2 . . . Robot Hit Streak 12 | 2 10 12 2 Robot Miss Streak 5 | 1 5 2 1 Penetration Max . | . . . . Secondary Targets . | . . . . Shots Hit Robots 73 | 2 26 42 3 Core Hits 23 | 2 10 10 1 Critical Kills . | . . . . Critical Parts Destroyed . | . . . . Critical Strikes 1 | . . . 1 Burn 1 | . . . 1 Melee Attacks . | . . . . Impact . | . . . . Slashing . | . . . . Piercing . | . . . . Sneak Attacks . | . . . . Combat Hostiles . | . . . . Follow-up Attacks . | . . . . Damage Inflicted 1477 | 69 484 846 78 Guns 141 | 30 33 . 78 Cannons 1297 | . 451 846 . Explosions 39 | 39 . . . Melee . | . . . . Ramming . | . . . . Kinetic 43 | . 11 . 32 Thermal 1404 | 39 473 846 46 Explosive . | . . . . Electromagnetic 30 | 30 . . . Impact . | . . . . Slashing . | . . . . Piercing . | . . . . Highest Corruption 2 | . 2 2 2 Average Corruption 2 | . 2 2 2 Corruption Purged . | . . . . Corruption Blocked . | . . . . Effects 12 | . 2 10 . Message Errors 3 | . 1 2 . Matter Fused 1 | . . 1 . Heat Flow Errors 2 | . . 2 . Energy Discharges 2 | . . 2 . Data Loss (minor) 2 | . . 2 . Misfires 1 | . 1 . . Weapon Failures 1 | . . 1 . Overload Shots . | . . . . Overflow Damage 3 | . . 3 . Projectiles 3 | . . 3 . Explosions . | . . . . Melee . | . . . . Knockbacks . | . . . . Impact . | . . . . Kinetic . | . . . . Secondary . | . . . . Self-Inflicted Damage . | . . . . Shots . | . . . . Rammed . | . . . . Targets Rammed . | . . . . Kicked . | . . . . Crushed . | . . . . Highest Temperature 429 | . 429 187 251 Average Temperature 101 | . 124 62 146 Received Heat Transfer 360 | . 114 162 84 Effects 4 | . 4 . . Energy Bleed 2 | . 2 . . Interference 1 | . 1 . . Short Circuit 1 | . 1 . . Siege Activations . | . . . . Martial Activations . | . . . . Shielding Activations . | . . . . Robots Disrupted . | . . . . Combat Hostiles . | . . . . Robots Corrupted . | . . . . Combat Hostiles . | . . . . Parts Fried . | . . . . Impact Corruptions . | . . . . Robots Melted . | . . . . Combat Hostiles . | . . . . Parts Melted 1 | . . . 1 Heat Transferred 2554 | 50 839 1517 148 Parts Sabotaged . | . . . . Parts Stolen . | . . . . Parts Stripped . | . . . . Power Chain Reactions 1 | 1 . . . Alert | -11 -10 -10 -9 ------- Run | Yrd Mat Sub Scr Maximum Alert Level . | . . . . Low Security (%) 100 | 100 100 . . Level 1 . | . . . . Level 2 . | . . . . Level 3 . | . . . . Level 4 . | . . . . Level 5 . | . . . . High Security . | . . . . Max Security . | . . . . Peak Influence 61 | 5 61 . . Initial . | . . . . Average 14 | 4 15 . . Influence Increases 264 | 10 204 50 . Destroy 0b10 Robot/C 120 | . 80 40 . Destroy 0b10 Robot/NC 20 | 10 10 . . Destroy Leader 34 | . 24 10 . Successful Hack 28 | . 28 . . Disable Machine 15 | . 15 . . Destroy Structure 2 | . 2 . . Lose Combat Pursuer 45 | . 45 . . Influence Decreases 264 | 10 183 71 . Entered New Map 11 | . . 11 . Time Decay 223 | 10 183 30 . Lost Part 30 | . . 30 . Squads Dispatched 1 | . 1 . . Investigation . | . . . . Extermination . | . . . . Reinforcement 1 | . 1 . . Assault . | . . . . Garrison . | . . . . Intercept . | . . . . Searches Triggered . | . . . . Construction Impeded . | . . . . Haulers Reinforced . | . . . . Active Scanning Responses . | . . . . Cargo Convoy Interrupts . | . . . . Stealth | -11 -10 -10 -9 --------- Run | Yrd Mat Sub Scr Distress Signals 1 | . 1 . . Communications Jammed . | . . . . Distress Signals . | . . . . Times Spotted 27 | . 13 4 10 Peak Tracking Total 5 | . 5 2 4 Tactical Retreats 1 | . 1 . . Traps | -11 -10 -10 -9 ------- Run | Yrd Mat Sub Scr Traps Triggered 2 | . 1 1 . Indirectly . | . . . . Trap Hack Attempts . | . . . . Triggered . | . . . . Disarmed . | . . . . Reprogrammed . | . . . . Reused . | . . . . Traps Extracted . | . . . . Installed . | . . . . Triggered . | . . . . Machines | -11 -10 -10 -9 ---------- Run | Yrd Mat Sub Scr Machines Disabled 2 | . 2 . . Max in Single Turn 1 | . 1 . . Machines Repaired . | . . . . Machines Dismantled . | . . . . Machines Sabotaged . | . . . . Overloaded Fab Kills . | . . . . Hacking | -11 -10 -10 -9 --------- Run | Yrd Mat Sub Scr Machines Accessed 9 | . 7 . 2 Terminals 4 | . 4 . . Fabricators . | . . . . Repair Stations 1 | . 1 . . Recycling Units 2 | . 2 . . Scanalyzers . | . . . . Garrison Access . | . . . . Total Hacks 40 | . 24 . 16 Successful 26 | . 10 . 16 Failed 14 | . 14 . . Catastrophic 1 | . 1 . . Database Lockouts . | . . . . Manual 19 | . 19 . . Terminals 14 | . 14 . . Fabricators . | . . . . Repair Stations 2 | . 2 . . Recycling Units 8 | . 8 . . Scanalyzers . | . . . . Garrison Access . | . . . . Terminal Hacks 18 | . 2 . 16 Record 16 | . . . 16 Prototype ID Bank 1 | . 1 . . Hauler Manifests 1 | . 1 . . Fabricator Hacks . | . . . . Repair Station Hacks 2 | . 2 . . Scan Component 1 | . 1 . . Repair 1 | . 1 . . Recycling Unit Hacks . | . . . . Scanalyzer . | . . . . Garrison Access Hacks . | . . . . Unauthorized Hacks 6 | . 6 . . Terminals 4 | . 4 . . Botnet 2 | . 2 . . Operators 1 | . 1 . . Skim 1 | . 1 . . Fabricators . | . . . . Repair Stations . | . . . . Recycling Units 2 | . 2 . . Reject 1 | . 1 . . Recyclers 1 | . 1 . . Scanalyzers . | . . . . Garrison Access . | . . . . Data Cores Recovered . | . . . . Used . | . . . . Hacking Detections 6 | . 6 . . Full Trace Events 1 | . 1 . . Feedback Events . | . . . . Feedback Blocked . | . . . . Robot Schematics Acquired . | . . . . Robots Built . | . . . . Authchips . | . . . . Time . | . . . . Total Robot Build Rating . | . . . . Part Schematics Acquired . | . . . . Parts Built . | . . . . Authchips . | . . . . Time . | . . . . Total Part Build Rating . | . . . . Parts Repaired 1 | . 1 . . Time 51 | . 51 . . Parts Recycled . | . . . . Recycled Matter . | . . . . Retrieved Matter . | . . . . Retrieved Components . | . . . . Parts Scanalyzed . | . . . . Part Schematics Acquired . | . . . . Parts Damaged . | . . . . Bothacking | -11 -10 -10 -9 ------------ Run | Yrd Mat Sub Scr Used RIF Installer . | . . . . Robots Hacked . | . . . . Non-combat . | . . . . Combat . | . . . . Robot Hacks Applied . | . . . . Relay Couplers Released . | . . . . Fabnet Peak Effective % . | . . . . Robots Rewired . | . . . . Allies Hacked . | . . . . Hacks Repelled . | . . . . Allies | -11 -10 -10 -9 -------- Run | Yrd Mat Sub Scr Total Allies . | . . . . Largest Group . | . . . . Highest-Rated Group . | . . . . Highest-Rated Ally . | . . . . Total Orders . | . . . . Ally Attacks . | . . . . Total Damage . | . . . . Kills . | . . . . Allies Corrupted . | . . . . Allies Melted 1 | . . . 1 Intel | -11 -10 -10 -9 ------- Run | Yrd Mat Sub Scr Active Infowar (turns) 189 | 15 174 . . Seismic 189 | 15 174 . . Robot Analysis Total . | . . . . Derelict Logs Recovered 4 | . . 1 3 Drone Launches . | . . . . Drone Recoveries . | . . . . Exploration | -11 -10 -10 -9 ------------- Run | Yrd Mat Sub Scr Turns Passed 2874 | 46 771 456 1601 Spaces Moved 1722 | 29 488 181 1024 Core . | . . . . Treads 421 | . . 126 295 Legs 101 | 29 12 . 60 Wheels 1200 | . 476 55 669 Hover . | . . . . Flight . | . . . . Fastest Speed 90 | 120 100 105 90 Average Speed 144 | 120 109 199 152 Slowest Speed 240 | 120 120 240 240 Overloaded Moves . | . . . . Propulsion Burnouts . | . . . . Robots Hopped . | . . . . Potential Cave-ins . | . . . . Cave-ins Triggered . | . . . . Exploration Rate (%) 38 | 4 67 12 71 Regions Visited 3 Branch Regions 2 Pre-discovered Areas . | . . . . Known Exits Taken 1 | . . 1 . Unknown Exits Taken 2 | 1 1 . . Scrap Searched 8 | . . 4 4 Spaces Dug . | . . . . Terrain Destroyed 8 | 7 . . 1 Melee . | . . . . Projectile 1 | . . . 1 AOE 7 | 7 . . . Terrain Rammed . | . . . . Walls Destroyed . | . . . . Machines Disabled . | . . . . Actions | -11 -10 -10 -9 --------- Run | Yrd Mat Sub Scr Total 2014 | 35 687 221 1071 Wait 138 | . 133 2 3 Move 1719 | 28 487 180 1024 Hop . | . . . . Pick Up 29 | 2 17 3 7 Fast Attach 18 | 2 5 2 9 Attach 5 | . 2 2 1 Detach . | . . . . Swap 8 | . 5 1 2 Drop 39 | 1 17 3 18 Fire 55 | 2 21 28 4 Melee . | . . . . Ram . | . . . . Kick . | . . . . Crush . | . . . . Escape Stasis . | . . . . Rewire 3 | . . . 3 Trap . | . . . . Miscellaneous . | . . . . Route ------- -11/Scrapyard -10/Materials (discovered 4 exits: *Mat x2 / *Min / [*Sub]) -10/Subcaves -9/Scraptown (discovered 1 exit: *Fac) History --------- Turn | Location | Event 4 | -11/Scrapyard | Discovered new exit (range 2) 47 | -11/Scrapyard | Entered Materials 189 | -10/Materials | Discovered new exit (range 16) 302 | -10/Materials | Discovered new exit (range 8) 308 | -10/Materials | Identified exit to Materials 316 | -10/Materials | Build established: Mutant 355 | -10/Materials | Discovered new exit (range 11) 442 | -10/Materials | Identified exit to Mines 561 | -10/Materials | Repaired Adv. Beam Cannon 810 | -10/Materials | Discovered new exit (range 6) 818 | -10/Materials | Entered Subcaves 819 | -10/Subcaves | Approached by a straggling Scientist 895 | -10/Subcaves | Disturbed a concealed Subdweller 903 | -10/Subcaves | Disturbed a concealed Subdweller 914 | -10/Subcaves | Disturbed a concealed Subdweller 915 | -10/Subcaves | Core integrity fell below 50% 945 | -10/Subcaves | Lost 3 parts (1p2n) 1202 | -10/Subcaves | Learned Materials emergency access door positions 1243 | -10/Subcaves | Scientist uncovered a shortcut to Scraptown 1260 | -10/Subcaves | Identified exit to Scraptown 1274 | -10/Subcaves | Entered Scraptown 1344 | -9/Scraptown | System corruption cleaned by C-Scrubber 1600 | -9/Scraptown | Visited CPS Storage 1643 | -9/Scraptown | Visited Comm Corps 1806 | -9/Scraptown | Scanned Subdweller tech in exchange for log data 1814 | -9/Scraptown | Learned Research stockpile data 1816 | -9/Scraptown | Learned Factory stockpile data 1818 | -9/Scraptown | Learned Research trap positions 2230 | -9/Scraptown | Heard Great Nut preacher, LISTEN AND RECITE! 2240 | -9/Scraptown | Visited Shadow of the Wyrm 2294 | -9/Scraptown | Visited Cave Peace 2341 | -9/Scraptown | Visited TADAMA 2400 | -9/Scraptown | Visited UFD Registry 2400 | -9/Scraptown | Registered with UFD as "Plasmaunit" 2449 | -9/Scraptown | Visited Modified Component R&D 2610 | -9/Scraptown | Visited Science Testing Area 2644 | -9/Scraptown | Visited Derelict Rescue Squad 2650 | -9/Scraptown | Found DRS Beacon 2670 | -9/Scraptown | Visited DA-N13 Charitable Foundation 2680 | -9/Scraptown | Found DCF Scrap (29 items) 2730 | -9/Scraptown | Met Optimus 2730 | -9/Scraptown | Accepted into 0bPrime 2786 | -9/Scraptown | Visited Research Penetration Think Tank 2795 | -9/Scraptown | Civil war broke out across Scraptown 2811 | -9/Scraptown | Found Scrap Suit 2861 | -9/Scraptown | Discovered new exit (range 3) 2863 | -9/Scraptown | Core integrity fell below 20% 2875 | -9/Scraptown | Identified exit to Factory 2875 | -9/Scraptown | Destroyed by T8-WR9(j) with Overtuned Pulse Rifle Last Messages --------------- 02834_ HV Slug penetrates N9-OMJ(E). 02834_ HV Slug penetrates Wall. 02834_ Slug penetrates 7Y-ASF(h). 02834_ 7Y-ASF(h) destroyed. 02837_ Slug penetrates U2-4H5(E). 02842_ Slug penetrates Wall. 02847_ Dropped Adv. Beam Cannon. 02848_ Acquired Ovr. Pulse Rifle. 02851_ Acquired 20 matter. 02860_ IF-O1X(E) suffers critical hit (Burn). 02861_ IF-O1X(E) critical meltdown. 02861_ EXIT=FOUND 02864_ Acquired 5 matter. 02865_ 72-H7F(j) suffers critical hit (Burn). 02865_ Mak. Salvage Targeting Computer melted. 02865_ 72-H7F(j) destroyed. 02865_ Ovr. Railgun suddenly begins malfunctioning. 02874_ Ovr. Pulse Rifle destroyed. 02875_ EXIT=IDENTIFIED: FACTORY Map ----- +----------------------------------------------------+ | | | | | | | | | | | | | | | | | | | | | | | ?????????????????????????????????????????????????? | | ?????????????????????????????????????????????????? | | ?????????????????????????????????????????????????? | | ?????????????????????????????????????????????????? | | ?????????????????????????????????????????????????? | | ?????????????????????????????????????????????????? | | ?????????????????????????????????????????????????? | | ?????????????????????????????????????????????????? | | ?????????????????????????????????????????????????? | | ?????????????????????????????????????????????????? | | ?????????????????????????????????????????????????? | | ???????????????????????#######???????????????????? | | ???????????????????????#*![![#???????????????????? | | ???????????????####????#[%%/!#???????????????????? | | ???????#"?????##= ##???##@jj!#???????????????????? | | ???""|##!!"####%= #####;%!%##???????????????????? | | !! !*j=*=*#???????????????????? | | ] [=!![=#???????????????????? | | ??############# #######;###???????????????????? | | ??????????????## ##??????##?????????????????????? | | ?????########### #??????????????????????????????? | | ?????#""""""""## #??????????????????????????????? | | ?????#" &&" "## #??????????????????????????????? | | ######" "## #??????????????????????????????? | | ##"" ""## #??????????????????????????????? | | ##" "## #??????????????????????????????? | | ##"" ""## #??????????????????????????????? | | ##" ! "## #?"" ??????????????????????????? | | ##"" ""## #" ??????????????????????????? | | ## ## #""" ?????????????????????????? | | ## ## # ??????????????????????????? | | ## ## #"""???????????????????????????? | | ########## ####" ## #???????????????????????????? | | ########## ####" ## ##??????????????????????????? | | """"""""""!""""!! "" #########??????????????????? | | %[ % ##*!]*=*#??????????????????? | | ! * = ##=[/%!=#??????????????????? | | =[!!##]!][]=#??????????????????? | | ! %"##!!=[###??????????????????? | +----------------------------------------------------+ Best States ------------- Heat Dissipation 25 Energy Generation 15 Energy Capacity 265 Matter Stores 300 Matter Capacity 300 Sight Range 16 Terrain Scan Density 10 Evasion (%) 57 Recoil Reduction 1 Item Schematics ----------------- None Robot Schematics ------------------ None Fabricated ------------ Nothing Repaired ---------- Adv. Beam Cannon | 47% | -10/Materials Alien Tech Used ----------------- None Achievements -------------- None Challenges ------------ None Game ------ Seed ParticleDamperLance Manual? 0 Play Time 00:43:55 Cumulative 135.0 hours Start 2025.07.06 @ 11:01:09 End 2025.07.06 @ 12:13:06 Sessions 1 Manual Loads 0 Difficulty Rogue Special Mode None Game No. 136 Rogue 134 Adventurer 2 Explorer 0 Win Type - Total 0 Types 0/0/0/0/0/0/0/0/0/0 Lore% 59 Gallery% 54 Achievement% 44 Wizard Run 0 Options --------- Layout 2 ASCII 0 Keyboard 1 Movement Vi Keybinds 0 Fullscreen 2 Font 48/Smallcaps Map View 25x33 Zoom Use 30% Tactical HUD 1 Map Filters NONE Filters NONE Steam 1 RUN: 43d55ee5-bcac-4c28-99a3-f3f948b245f7